Map: [ESL] Moondance

Players

Mixu

  • Race: Zerg Zerg
  • Spawn Location: 6:00

Silky - Winner!

  • Race: Zerg Zerg
  • Spawn Location: 12:00

Event: DreamHack SC2 Masters 2022 Atlanta (Offline)

VOD

Have the link to the VOD?

Description

Time

  • Played on: Nov. 18, 2022, 4:50 p.m.
  • Length: 12:08

All games in this series

Show
View Real Time Build Order
Export as new Build Order

Mixu Zerg 

Build Orders: Hatch First 

Get SALT Encoding   

  12  0:00  Drone  
  13  0:12  Overlord  
  13  0:17  Drone  
  14  0:31  Drone x2  
  16  0:47  Hatchery  
  15  0:50  Drone  
  15  0:54  Drone  
  17  1:08  Spawning Pool  
  16  1:11  Drone  
  16  1:14  Extractor  
  16  1:16  Drone  
  17  1:20  Drone  
  18  1:28  Drone  
  20  1:40  Drone  
  20  1:56  Queen  
  20  1:59  Queen  
  20  2:00  Zergling x4  
  20  2:01  Overlord  
  26  2:10  Zergling x2  
  26  2:12  Drone  
  26  2:14  Metabolic Boost  
  28  2:23  Drone  
  28  2:26  Drone  
  30  2:36  Queen  
  32  2:40  Drone  
  32  2:42  Overlord  
  32  2:45  Drone x2  
  33  3:03  Drone, Hatchery  
  33  3:07  Drone  
  33  3:09  Drone  
  33  3:12  Drone  
  36  3:16  Drone  
  36  3:19  Drone, Evolution Chamber  
  36  3:23  Drone x2  
  36  3:25  Drone  
  39  3:28  Drone  
  39  3:30  Drone  
  39  3:33  Overlord  
  41  3:36  Drone  
  41  3:41  Drone  
  43  3:46  Zerg Missile Weapons Level 1  
  43  3:48  Extractor  
  43  3:50  Overlord  
  43  3:51  Roach Warren  
  43  3:52  Drone  
  42  3:58  Drone x3  
  45  4:06  Overlord  
  45  4:07  Drone x2  
  45  4:09  Drone  
  48  4:12  Extractor  
  47  4:17  Lair  
  47  4:22  Drone x2  
  47  4:23  Zergling x4  
  51  4:31  Roach x4  
  59  4:35  Roach x2  
  63  4:43  Overlord  
  63  4:46  Drone x3  
  63  4:47  Drone x3  
  63  4:51  Drone x3  
  72  4:57  Drone  
  72  4:59  Overlord  
  73  5:01  Overlord  
  73  5:07  Drone  
  73  5:08  Drone  
  73  5:10  Drone  
  76  5:14  Glial Reconstitution  
  76  5:18  Drone x4  
  80  5:21  Drone  
  80  5:23  Drone x4  
  80  5:26  Extractor  
  84  5:29  Evolution Chamber  
  84  5:32  Drone  
  84  5:33  Drone x3  
  84  5:35  Extractor, Overlord  
  87  5:36  Extractor  
  87  5:37  Roach  
  87  5:41  Roach  
  88  5:44  Overseer  
  88  5:47  Zerg Missile Weapons Level 2  
  87  5:50  Overlord x2  
  87  5:53  Roach x6  
  99  5:58  Drone  
  99  5:59  Overlord  
  99  6:02  Roach x3  
  99  6:04  Zerg Ground Armor Level 1  
  106  6:11  Roach x3  
  112  6:15  Overlord x2  
  112  6:17  Roach x2  
  116  6:21  Roach x2  
  120  6:27  Pneumatized Carapace  
  120  6:28  Roach x3  
  126  6:33  Roach x3  
  126  6:35  Overlord  
  126  6:38  Drone  
  133  6:40  Roach x2  
  133  6:46  Overlord  
  137  6:47  Overlord  
  137  6:48  Roach x2  
  137  6:50  Ravager x3  
  137  6:52  Ravager  
  145  6:58  Hatchery  
  145  6:59  Roach  
  146  7:02  Roach x2  
  146  7:05  Roach x2  
  146  7:06  Overlord  
  154  7:08  Roach  
  154  7:12  Roach x2  
  160  7:16  Roach  
  160  7:17  Roach x2  
  160  7:19  Overlord  
  166  7:26  Drone  
  166  7:27  Roach x4  
  166  7:29  Overlord  
  177  7:37  Roach  
  177  7:41  Overlord  
  177  7:50  Roach x9  
  185  7:58  Overseer  
  183  7:59  Overlord  
  183  8:00  Roach x4  
  197  8:05  Roach x3  
  197  8:07  Overlord  
  197  8:11  Ravager  
  197  8:12  Tunneling Claws, Burrow  
  198  8:19  Roach x4  
  176  8:23  Roach  
  176  8:25  Roach x2  
  159  8:28  Roach x2  
  159  8:31  Roach x2  
  162  8:36  Roach  
  162  8:38  Roach x3  
  162  8:39  Roach  
  148  8:45  Roach x3  
  130  8:51  Roach x2  
  130  8:52  Roach x2  
  130  8:54  Ravager  
  139  8:56  Roach x2  
  139  8:58  Roach  
  139  8:59  Roach x3  
  134  9:03  Roach x2  
  130  9:10  Roach x4  
  130  9:12  Roach x23  
  130  9:14  Ravager  
  130  9:15  Roach x2  
  130  9:16  Ravager x2  
  141  9:18  Ravager x2  
  141  9:21  Roach x2  
  146  9:24  Roach x3  
  146  9:26  Roach  
  146  9:31  Roach x2  
  158  9:37  Overseer  
  155  9:39  Roach x4  
  155  9:47  Roach  
  155  9:49  Roach x5  
  155  9:52  Roach x2  
  146  9:55  Roach x2  
  146  9:57  Roach  
  137  10:01  Roach x2  
  137  10:05  Roach  
  135  10:09  Roach x2  
  135  10:12  Roach x3  
  135  10:14  Roach x2  
  120  10:17  Roach x2  
  120  10:19  Roach  
  107  10:23  Roach  
  107  10:26  Roach  
  103  10:29  Roach  
  103  10:32  Roach x11  
  103  10:33  Ravager  
  103  10:34  Roach x2  
  106  10:37  Roach x3  
  106  10:38  Roach  
  106  10:40  Queen, Roach x14  
  107  10:47  Roach x2  
  109  10:50  Roach  
  109  10:52  Hatchery, Ravager  
  109  10:55  Roach x2  
  115  11:01  Roach  
  113  11:09  Roach x3  
  119  11:11  Roach Warren  
  103  11:23  Roach x16  
  103  11:24  Roach x2  
  103  11:25  Drone, Roach x3  
  108  11:47  Roach x3  
Show
View Real Time Build Order
Export as new Build Order

Silky Zerg - Winner!

Build Orders: Pool First 

Get SALT Encoding   

  12  0:01  Drone  
  13  0:12  Overlord  
  13  0:17  Drone  
  14  0:30  Drone  
  14  0:31  Drone  
  16  0:40  Spawning Pool  
  15  0:43  Drone  
  15  0:47  Drone  
  17  1:07  Hatchery  
  17  1:10  Drone  
  17  1:24  Extractor  
  16  1:27  Zergling x4  
  16  1:29  Zergling x2  
  16  1:31  Queen  
  21  1:38  Overlord  
  21  1:49  Drone  
  22  1:59  Drone  
  23  2:06  Queen  
  25  2:11  Drone  
  26  2:20  Queen  
  26  2:21  Drone  
  29  2:23  Drone  
  29  2:30  Drone  
  29  2:33  Drone  
  31  2:38  Overlord  
  31  2:41  Drone x3  
  34  2:45  Drone  
  34  2:53  Drone  
  34  2:55  Lair  
  35  2:59  Drone  
  35  3:04  Drone  
  36  3:06  Drone, Evolution Chamber  
  36  3:16  Drone, Roach Warren  
  36  3:18  Drone  
  37  3:22  Drone x2  
  39  3:29  Overlord  
  39  3:30  Drone x2  
  39  3:32  Drone  
  42  3:37  Zerg Missile Weapons Level 1  
  42  3:40  Drone  
  43  3:41  Extractor  
  43  3:42  Extractor  
  43  3:43  Drone  
  43  3:45  Drone  
  43  3:49  Overlord  
  43  3:50  Drone  
  43  3:52  Drone  
  43  3:55  Glial Reconstitution  
  45  3:57  Drone  
  45  4:01  Drone  
  48  4:02  Drone  
  48  4:03  Drone  
  48  4:04  Overseer  
  48  4:09  Drone  
  51  4:10  Drone  
  51  4:18  Hatchery  
  51  4:22  Roach  
  51  4:23  Roach  
  54  4:26  Roach  
  54  4:30  Overlord  
  56  4:32  Roach  
  56  4:36  Drone x2  
  60  4:45  Evolution Chamber  
  59  4:46  Drone, Extractor  
  59  4:47  Drone  
  59  4:51  Drone x6  
  67  4:52  Drone  
  67  4:59  Overlord  
  67  5:02  Overlord  
  67  5:10  Overlord  
  67  5:11  Zerg Ground Armor Level 1  
  67  5:14  Drone, Overlord  
  68  5:18  Roach x2  
  68  5:20  Roach  
  74  5:23  Roach  
  76  5:29  Roach x3  
  76  5:33  Zerg Missile Weapons Level 2  
  82  5:40  Drone  
  82  5:44  Roach  
  82  5:45  Roach x3  
  82  5:46  Overseer  
  82  5:47  Drone x2  
  82  5:48  Drone  
  82  5:49  Drone  
  94  5:52  Drone  
  95  5:59  Overlord  
  95  6:00  Drone x4  
  95  6:01  Drone  
  95  6:02  Extractor  
  95  6:03  Extractor  
  98  6:04  Overseer  
  98  6:07  Overlord  
  98  6:08  Drone x2  
  100  6:12  Overlord  
  100  6:21  Hatchery  
  99  6:26  Roach  
  99  6:27  Roach x4  
  99  6:31  Roach x2  
  99  6:32  Roach  
  115  6:34  Overlord  
  115  6:38  Roach x2  
  119  6:41  Overlord  
  119  6:42  Roach  
  119  6:45  Drone  
  122  6:47  Overlord  
  122  6:52  Overlord  
  122  6:53  Drone x2  
  122  6:54  Roach x3  
  128  6:58  Overlord  
  130  7:06  Ravager x5  
  130  7:07  Roach x2, Ravager x3  
  130  7:08  Roach x2  
  146  7:10  Overlord  
  146  7:11  Overlord  
  146  7:15  Overlord  
  146  7:18  Roach x2  
  146  7:19  Roach  
  146  7:20  Overseer  
  146  7:22  Overlord  
  152  7:25  Overlord  
  152  7:30  Roach  
  152  7:31  Roach x3  
  152  7:35  Roach x2  
  164  7:38  Roach x2  
  168  7:49  Overlord  
  165  7:51  Roach x2  
  165  7:52  Roach x5  
  165  7:56  Tunneling Claws, Burrow  
  179  7:59  Roach  
  179  8:00  Roach  
  183  8:06  Ravager  
  183  8:08  Overlord  
  183  8:12  Roach x3  
  192  8:13  Roach  
  176  8:21  Roach x6  
  176  8:24  Roach  
  167  8:29  Roach x3  
  167  8:30  Roach  
  169  8:39  Roach x5  
  141  8:48  Roach x3  
  141  8:49  Roach x2  
  141  8:52  Roach x2  
  153  9:01  Roach x4  
  141  9:05  Roach x3  
  141  9:09  Roach x2  
  146  9:11  Roach x2  
  146  9:12  Roach  
  146  9:13  Drone x3  
  146  9:16  Roach x2  
  137  9:21  Roach x4  
  137  9:22  Ravager  
  137  9:23  Ravager x4  
  150  9:24  Roach x3  
  150  9:25  Roach  
  150  9:28  Roach x2  
  156  9:33  Roach x2  
  156  9:36  Roach  
  160  9:43  Roach x4  
  163  9:52  Roach x5  
  159  9:53  Roach  
  159  9:59  Roach x3  
  154  10:07  Roach x6  
  160  10:11  Roach x3  
  156  10:17  Roach x3  
  156  10:18  Roach  
  139  10:23  Roach x2  
  139  10:26  Ravager  
  139  10:28  Roach x2  
  123  10:36  Roach x5  
  123  10:38  Roach x2  
  123  10:41  Roach x2  
  123  10:42  Roach  
  129  10:45  Roach x4  
  137  10:50  Ravager x2  
  137  10:51  Ravager x3  
  137  10:53  Roach x3  
  137  10:54  Roach  
  150  11:03  Roach x4  
  150  11:04  Roach x2  
  159  11:05  Spine Crawler  
  156  11:14  Roach x3  
  156  11:15  Roach x3  
  152  11:22  Roach x3  
  152  11:23  Roach  
  152  11:25  Overseer x2  
  154  11:28  Drone x2  
  155  11:33  Roach x3  
  155  11:38  Roach x2  
  165  11:43  Roach x2  
Tags
 
Add a new tag
Caveats
  • Supply blocks, unpowered buildings, or Contaminate may cause inaccurate times.
  • Supply counts are checked every 10 seconds.